 Dungeon Crawl Stone Soup version 0.30-a0-137-gd8773701ce (webtiles) character file.

Game seed: 11513161886282587809

4 jlumianski the Chopper (level 1, 0/12 HPs)
             Began as a Gargoyle Gladiator on Sept 22, 2022.
             Constricted to death by a ball python (1 damage)
             ... on level 1 of the Dungeon.
             The game lasted 00:00:14 (53 turns).

jlumianski the Chopper (Gargoyle Gladiator)           Turns: 53, Time: 00:00:15

Health: 0/12       AC:  6    Str: 17    XL:     1   Next: 60%
Magic:  1/1        EV:  9    Int:  8    God:
Gold:   0          SH:  0    Dex: 11    Spells: 0/0 levels left

rFire   . . .      SeeInvis .    a - +0 war axe
rCold   . . .      Faith    .    (no shield)
rNeg    + . .      Spirit   .    b - +0 leather armour
rPois   ∞          Reflect  .    c - +0 helmet
rElec   +          Harm     .    (no cloak)
rCorr   .          Rampage  .    (no gloves)
Will    .....                    (no boots)
Stlth   +.........               (no amulet)
HPRegen 0.04/turn                (no ring)
MPRegen 0.07/turn                (no ring)

@: constricted
A: sickness immunity, AC +2, negative energy resistance 1, electricity
resistance, torment resistance 1, petrification resistance
a: no special abilities


You were on level 1 of the Dungeon.
You visited 1 branch of the dungeon, and saw 1 of its levels.

Inventory:

Hand Weapons
 a - a +0 war axe (weapon)
Missiles
 d - 3 throwing nets (quivered)
 e - a javelin
Armour
 b - a +0 leather armour (worn)
 c - a +0 helmet (worn)


   Skills:
 + Level 2.2 Fighting
 + Level 2.9 Axes
 + Level 1.7 Throwing
 + Level 2.4 Dodging


You couldn't memorise any spells.
You didn't know any spells.
Your spell library was empty.

Dungeon Overview and Level Annotations

Branches:
Dungeon (1/15)

Altars:


Innate Abilities, Weirdness & Mutations

You are immune to sickness and miasma.
Your stone body is resilient. (AC +2)
You are immune to poison.
You resist negative energy. (rN+)
You are resistant to electric shocks. (rElec)
You are resistant to unholy torment.
You are immune to petrification.


Message History

You hit the giant cockroach.
You kill the giant cockroach!
A rat comes into view.
The rat closely misses you.
You slash the rat!
You kill the rat!
A frilled lizard comes into view.
A hobgoblin comes into view.
The hobgoblin shouts!
The frilled lizard hisses angrily.
A ball python comes into view.
The ball python hisses angrily.
You hit the hobgoblin.
The hobgoblin is heavily wounded.
The hobgoblin barely misses you.
The hobgoblin hits you but does no damage.
The frilled lizard closely misses you.
You hit the hobgoblin but do no damage.
The hobgoblin is heavily wounded.
You barely miss the frilled lizard. The hobgoblin closely misses you.
The frilled lizard unfolds its giant frill.
The frilled lizard closely misses you.
You closely miss the hobgoblin.
The hobgoblin is heavily wounded.
You closely miss the frilled lizard. The hobgoblin hits you.
The frilled lizard bites you. The frilled lizard barely misses you.
The hobgoblin hits you.
You closely miss the hobgoblin.
The hobgoblin is heavily wounded.
You hit the frilled lizard.
You kill the frilled lizard!
The ball python barely misses you. The ball python grabs you.
The ball python constricts you. The hobgoblin hits you.
* * * LOW HITPOINT WARNING * * *
You barely miss the hobgoblin.
The hobgoblin is heavily wounded.
You closely miss the ball python. The ball python barely misses you.
The ball python constricts you. The hobgoblin barely misses you.
The ball python barely misses you. The ball python constricts you.
You die...

..#. ..##
##.#.##..## #
......... ..
#......###...
+...........
#.........
#...gS.####.###
#...@..........
###.....####...
#.....#...
#.....#.#####
#............
##....#.#####
####.#... #.#
.... #.# ##...


You could see a hobgoblin and a ball python.

Vanquished Creatures
  A giant cockroach (D:1)
  A frilled lizard (D:1)
  A goblin (D:1)
  2 rats (D:1)
5 creatures vanquished.

Notes
Turn   | Place    | Note
-------+----------+-------------------------------------------
     0 | D:1      | jlumianski the Gargoyle Gladiator began the quest for the
                  | Orb.
     0 | D:1      | Reached XP level 1. HP: 12/12 MP: 1/1
    53 | D:1      | Constricted to death by a ball python

Illustrated notes

Levels and vault maps discovered:
D:1:      psy_arrival_whirlpool, layout_basic

Action                   || total
-------------------------++-------
Melee: War axe           ||    17
Armor: Leather armour    ||     8
Dodge: Dodged            ||    20

Table legend: (Time is in decaauts)
 A = Elapsed time spent in this place.
 B = Non-inter-level travel time spent in this place.
 C = Inter-level travel time spent in this place.
 D = Time resting spent in this place.
 E = Time spent auto-exploring this place.
 F = Levels seen in this place.
 G = Mean time per level.
                   A        B        C        D        E       F      G
               +--------+--------+--------+--------+--------+-----+--------+
         Total |     60 |     60 |      0 |      0 |      8 |   1 |   60.0 |
       Dungeon |     60 |     60 |      0 |      0 |      8 |   1 |   60.0 |
               +--------+--------+--------+--------+--------+-----+--------+

Top non-repeatable levels by time:
     D:1: 60 daAuts
